 Dungeon Crawl Stone Soup version 0.29-a0-330-g52719c12eb (webtiles) character file.

Game seed: 17649195141892185112

3049 kae the Transmogrifier (level 9, 0/76 HPs)
             Began as a Black Draconian Transmuter on May 14, 2022.
             Was a Follower of Ru.
             Succumbed to an orc's poison
             ... on level 7 of the Dungeon.
             The game lasted 00:07:39 (10403 turns).

kae the Transmogrifier (DrTm)                      Turns: 10403, Time: 00:07:40

Health: 0/76       AC:  8    Str: 13    XL:     9   Next: 57%
Magic:  21/23      EV: 10    Int: 17    God:    Ru [*.....]
Gold:   381        SH:  0    Dex: 12    Spells: 4/14 levels left

rFire   x . .      SeeInvis .     - Unarmed
rCold   + + +      Faith    .   (shield currently unavailable)
rNeg    + . .      Spirit   .   (body armour unavailable)
rPois   +          Reflect  .   (helmet currently unavailable)
rElec   .          Harm     .   (cloak currently unavailable)
rCorr   .          Rampage  .   (gloves currently unavailable)
Will    .....                   (boots currently unavailable)
Stlth   +.........              (no amulet)
HPRegen 0.22/turn               d - ring of magical power
MPRegen 0.18/turn               j - ring of positive energy

@: lethally poisoned (0 -> -6), ice-form, unable to read
A: freezing attack, amphibious, boosted hp, (breathe lightning), AC +7, large,
unfitting armour, (electricity resistance), (cold-blooded), inability to read
while threatened
a: End Transformation, Renounce Religion


You were on level 7 of the Dungeon.
You worshipped Ru.
Ru was aware of your devotion.
You were a creature of crystalline ice.
You visited 2 branches of the dungeon, and saw 9 of its levels.

You collected 381 gold pieces.

Inventory:

Hand Weapons
 b - a +1 whip
Armour
 e - a +2 hat (melded)
Jewellery
 d - a ring of magical power (left front paw)
 j - a ring of positive energy (right front paw)
 x - a ring of protection from cold
 z - a ring of ice
Wands
 i - a wand of iceblast (21)
 p - a wand of mindburst (8)
 u - a wand of polymorph (11)
 v - a wand of flame (17)
Scrolls
 c - 6 scrolls of teleportation
 h - a scroll of silence
 o - a scroll of blinking
 s - a scroll of torment
 t - a scroll of fog
Potions
 a - 2 potions of lignification
 f - a potion of degeneration
 g - 2 potions of ambrosia
 k - 2 potions of flight
 l - a potion of attraction
 m - a potion of mutation
 n - 2 potions of brilliance {unknown}
 q - 3 potions of berserk rage {unknown}
 r - 3 potions of cancellation {unknown}


   Skills:
 - Level 1.1 Fighting
 - Level 1.7 Dodging
 + Level 7.6 Unarmed Combat
 - Level 3.4 Spellcasting
 * Level 10.3 Transmutations
 - Level 4.0 Ice Magic
 - Level 1.0 Poison Magic


You had 4 spell levels left.
You knew the following spells:

 Your Spells              Type           Power      Damage    Failure   Level
a - Beastly Appendage     Tmut           76%        N/A       1%          1
b - Wereblood             Tmut           38%        N/A       1%          2
c - Spider Form           Tmut/Pois      22%        N/A       4%          3
d - Ice Form              Ice/Tmut       27%        N/A       9%          4

Your spell library contained the following spells:

 Spells                   Type           Power      Damage    Failure   Level
 Ensorcelled Hibernation  Hex/Ice        18%        N/A       11%         2
 Animate Skeleton         Necr           4%         N/A       17%         1
 Pain                     Necr           8%         1d4       17%         1
 Summon Small Mammal      Summ           8%         N/A       17%         1
 Petrify                  Tmut/Erth      20%        N/A       21%         4
 Blink                    Tloc           4%         N/A       26%         2
 Call Canine Familiar     Summ           2%         N/A       45%         3
 Lesser Beckoning         Tloc           2%         N/A       45%         3
 Summon Guardian Golem    Hex/Summ       2%         N/A       45%         3
 Vampiric Draining        Necr           2%         2d6       45%         3
 Anguish                  Hex/Necr       1%         N/A       86%         4
 Blade Hands              Tmut           19%        N/A       7%          5
 Metabolic Englaciation   Hex/Ice        4%         N/A       90%         5
 Statue Form              Tmut/Erth      13%        N/A       97%         6
 Manifold Assault         Tloc           2%         N/A       99%         5
 Iron Shot                Conj/Erth      1%         9d1       100%        6
 Animate Armour           Summ/Erth      Unusable   N/A       N/A         4

Dungeon Overview and Level Annotations

Branches:
Dungeon (8/15)             Temple (1/1) D:6
   Lair: D:8-11

Altars:
Ashenzari
Cheibriados
Dithmenos
Elyvilon
Fedhas
Gozag
Hepliaklqana
Kikubaaqudgha
Makhleb
Nemelex Xobeh
Okawaru
Qazlal
Ru
Sif Muna
Trog
Uskayaw
Vehumet
Wu Jian
Xom
Yredelemnul
Zin
The Shining One

Shops:
D:2 [   D:4 (


Innate Abilities, Weirdness & Mutations

You are a creature of crystalline ice.
You have a powerful freezing melee attack.
You are amphibious.
Your maximum health is increased.
Your armour is entirely melded.
You are incapable of wielding weapons or throwing items.
((You can breathe wild blasts of lightning.))
((Your glossy black scales are hard. (AC +7)))
You cannot fit into any form of body armour.
((You are resistant to electric shocks. (rElec)))
((You are cold-blooded and may be slowed by cold attacks.))
You sometimes lose the ability to read scrolls when taking damage.


Message History

The acid dragon claws you but does no damage.
The orc hits you but does no damage.
You are more poisoned.
The orc hits you but does no damage. The orc wizard casts a spell at you.
You are more confused.
You climb upwards.
You can read scrolls again.
You feel very sick.
There is a stone staircase leading down here.
You are too injured to fight recklessly!
You are too injured to fight recklessly!
You hit the acid dragon but do no damage.
You feel very sick.
You hit the acid dragon. You freeze the acid dragon.
The acid dragon is moderately wounded.
You feel very sick. The acid dragon barely misses you.
The acid dragon claws you but does no damage.
The orc hits you but does no damage. The orc barely misses you.
You barely miss the acid dragon.
The acid dragon is moderately wounded.
You feel sick. The acid dragon bites you. The acid dragon closely misses you.
The orc closely misses you. x2
You punch the acid dragon! You freeze the acid dragon.
The acid dragon is almost dead.
You feel sick.
You redirect the acid dragon's attack!
The acid dragon bites you!
You feel threatened and lose the ability to read scrolls!
* * * LOW HITPOINT WARNING * * *
The acid dragon claws you.
* * * LOW HITPOINT WARNING * * *
The orc hits you with a +2 short sword of venom.
* * * LOW HITPOINT WARNING * * *
The orc completely misses you. The orc attacks as you move away!
The orc hits you with a +0 mace!
* * * LOW HITPOINT WARNING * * *
You feel less confused.
You die...

#...##..........รท.......<#
#..........###.#........)##
###......................#.
####.....##....(.........
###......##...............
##.#......###..............
#..........##....(.........
#.....#.....#..))(#........
##...##.o.Y..........##....
######..>o......#.##.##...
##...D......####....##
##............###.....#
#.............>...###.#
#.......#....#.....##..
#...######.###.....##..
##### ###...##.#..##..
#.....####...#.)


You could see an acid dragon and 2 orcs.

Vanquished Creatures
  A manticore (D:7)
  Prince Ribbit (D:5)
  2 sky beasts
  2 ice beasts
  3 black bears
  An ogre (D:6)
  3 centaurs
  A phantom (D:6)
  A kobold brigand (D:7)
  A scorpion (D:7)
  A bullfrog (D:7)
  2 necrophages (D:6)
  A wight (D:8)
  5 killer bees
  2 howler monkeys (D:7)
  An electric eel (D:6)
  3 hounds
  3 orc priests
  A jelly (D:6)
  Terence (D:2)
  5 iguanas
  4 orc wizards
  4 gnolls
  10 adders
  2 shadow imps
  An ufetubus (D:7)
  4 worms
  2 dart slugs
  14 orcs
  2 bats
  7 endoplasms
  3 giant cockroaches
  3 goblins
  6 hobgoblins
  7 jackals
  13 kobolds
  5 quokkas
  4 ball pythons
  10 frilled lizards
  8 rats
150 creatures vanquished.

Vanquished Creatures (others)
  11 plants
11 creatures vanquished.

Grand Total: 161 creatures vanquished

Notes
Turn   | Place    | Note
-------+----------+-------------------------------------------
     0 | D:1      | kae the Draconian Transmuter began the quest for the Orb.
     0 | D:1      | Reached XP level 1. HP: 16/16 MP: 3/3
   624 | D:1      | Reached XP level 2. HP: 23/23 MP: 3/5
   627 | D:1      | Learned a level 2 spell: Wereblood
  1406 | D:2      | Reached XP level 3. HP: 17/28 MP: 4/6
  1410 | D:2      | Learned a level 3 spell: Spider Form
  1635 | D:2      | Reached skill level 3 in Transmutations
  1910 | D:2      | Noticed Terence
  1913 | D:2      | Found Maul's Antique Armour Shop.
  2151 | D:2      | Reached XP level 4. HP: 29/35 MP: 4/7
  2366 | D:2      | Killed Terence
  2527 | D:2      | Found a faded altar of an unknown god.
  3010 | D:3      | Reached skill level 1 in Poison Magic
  3010 | D:3      | Reached XP level 5. HP: 31/40 MP: 5/9
  3035 | D:3      | Reached skill level 4 in Transmutations
  3773 | D:3      | Noticed a sky beast
  3781 | D:3      | Killed a sky beast
  3782 | D:3      | Reached XP level 6. HP: 38/47 MP: 6/11
  3959 | D:3      | Learned a level 4 spell: Ice Form
  4326 | D:4      | You fall into a shaft and drop 2 floors!
  4326 | D:6      | Noticed an ice beast
  4475 | D:6      | Reached skill level 5 in Transmutations
  4475 | D:6      | Reached skill level 1 in Ice Magic
  4682 | D:6      | Noticed an ice beast
  4697 | D:6      | Killed an ice beast
  4698 | D:6      | Your scales start taking on a glossy black colour.
  4698 | D:6      | Reached XP level 7. HP: 43/52 MP: 6/12
  4698 | D:6      | Gained mutation: You are resistant to electric shocks.
                  | (rElec) [Black Draconian growth]
  5002 | D:6      | Found a staircase to the Ecumenical Temple.
  5094 | Temple   | Entered the Ecumenical Temple
  5411 | Temple   | Became a worshipper of Ru the Awakened
  5497 | D:6      | Reached skill level 5 in Unarmed Combat
  5497 | D:6      | Reached skill level 6 in Transmutations
  5672 | D:5      | Entered Level 5 of the Dungeon
  6036 | D:5      | Reached XP level 8. HP: 28/59 MP: 13/13
  6605 | D:4      | Reached skill level 7 in Transmutations
  6927 | D:4      | Found Cifrol's Firing Range.
  7413 | D:5      | Noticed Prince Ribbit
  7428 | D:5      | Killed Prince Ribbit
  7740 | D:5      | Gained mutation: You sometimes lose the ability to read
                  | scrolls when taking damage. [Ru sacrifice]
  7740 | D:5      | Reached * piety under Ru
  8088 | D:6      | Reached skill level 8 in Transmutations
  8552 | D:6      | Found a snail-covered altar of Cheibriados.
  8926 | D:7      | Reached XP level 9. HP: 37/64 MP: 14/14
  9226 | D:6      | Reached skill level 9 in Transmutations
  9481 | D:7      | Noticed a manticore
  9500 | D:7      | Killed a manticore
  9516 | D:7      | Reached skill level 10 in Transmutations
 10061 | D:7      | Found a stormy altar of Qazlal.
 10403 | D:7      | HP: 2/76 [orc/+0 mace (7)]
 10403 | D:7      | Succumbed to an orc's poison

Illustrated notes

Levels and vault maps discovered:
D:1:      sevenhm_arrival_forest_fort_small_5, layout_loops_ring,
          serial_co_window_serial, co_window_corner_a, co_window_paths_b,
          co_window_corner_a, co_window_of_opportunity_a,
          co_window_of_opportunity_a, co_window_corner_cb, co_window_2corner,
          co_window_corner_cb, co_window_4corner_b
D:2:      layout_basic, serial_shops, nicolae_shop_overgrown_old_shop,
          shapermc_ecumenical_altar_acropolis, uniq_terence
D:3:      layout_loops_ring, minmay_lizard_king
D:4:      layout_rooms, nicolae_shop_firing_range
D:5:      layout_basic, st_stairs_3, uniq_prince_ribbit1
D:6:      layout_basic, kennysheep_mini, minmay_temple_entry_glass,
          grunt_ministairs_6, minmay_crystal_water, minmay_holes
D:7:      layout_cave_pools, grunt_qazlal_clouds, hangedman_decor_peaks_small
D:8:      layout_rooms, serial_shops, shop, enter_bailey_2,
          minmay_shop_grid_forest, minmay_guarded_unrand_finisher
Temple:   mainiacjoe_temple_cubbyholes

Skill      XL: |  1  2  3  4  5  6  7  8  9 |
---------------+----------------------------+-----
Transmutations | 3 4 5 6 8 10 | 10.3
Poison Magic   | 1 |  1.0
Spellcasting   | 3 |  3.4
Unarmed Combat | 4 5 6 7 |  7.6
Ice Magic      | 1 3 4 |  4.0
Fighting       | |  1.1
Dodging        | |  1.7

Action                   |  1- 3 |  4- 6 |  7- 9 || total
-------------------------+-------+-------+-------++-------
Melee: Whip              |   121 |    89 |    27 ||   237
       Kick              |    11 |    12 |       ||    23
       Unarmed           |     2 |    93 |   203 ||   298
       Tailslap          |    11 |    12 |     4 ||    27
       Headbutt          |     7 |     9 |       ||    16
       Punch             |     1 |     2 |     1 ||     4
 Cast: Beastly Appendage |    17 |    12 |     1 ||    30
       Wereblood         |     3 |     1 |     1 ||     5
       Spider Form       |       |    10 |    21 ||    31
       Ice Form          |       |       |    17 ||    17
Invok: Sacrifice Words   |       |       |     1 ||     1
Evoke: Wand              |       |       |     9 ||     9
  Use: Scroll            |     2 |     5 |    10 ||    17
       Potion            |       |       |     3 ||     3
Armor: Skin              |    59 |    38 |    72 ||   169
Dodge: Dodged            |    94 |   118 |   244 ||   456

Table legend: (Time is in decaauts)
 A = Elapsed time spent in this place.
 B = Non-inter-level travel time spent in this place.
 C = Inter-level travel time spent in this place.
 D = Time resting spent in this place.
 E = Time spent auto-exploring this place.
 F = Levels seen in this place.
 G = Mean time per level.
                   A        B        C        D        E       F      G
               +--------+--------+--------+--------+--------+-----+--------+
         Total |  10414 |  10048 |    366 |   1878 |   6760 |   9 | 1157.1 |
       Dungeon |  10060 |   9758 |    302 |   1878 |   6474 |   8 | 1257.5 |
        Temple |    353 |    290 |     63 |      0 |    286 |   1 |  353.0 |
               +--------+--------+--------+--------+--------+-----+--------+

Top non-repeatable levels by time:
     D:6: 2361 daAuts
     D:2: 1747 daAuts
     D:5: 1485 daAuts
     D:1: 1403 daAuts
     D:3: 1199 daAuts
     D:7: 994 daAuts
     D:4: 805 daAuts
  Temple: 353 daAuts
     D:8: 62 daAuts
